 Dungeon Crawl Stone Soup version 0.19-a0-1697-g0595f0e (webtiles) character file.

1071 MackTheKnife the Martial Artist (level 8, -7/88 HPs)
             Began as a Demonspawn Monk on Sept 27, 2016.
             Mangled by Prince Ribbit (14 damage)
             ... on level 5 of the Dungeon.
             The game lasted 00:09:02 (7422 turns).

MackTheKnife the Martial Artist (Demonspawn Monk)   Turns: 7422, Time: 00:09:02

Health: -7/88      AC:  7    Str: 18    XL:     8   Next: 7%
Magic:  8/8        EV: 12    Int: 12    God:
Gold:   469        SH:  0    Dex: 16    Spells: 0 memorised, 7 levels left

rFire  . . .     SeeInvis .       - Unarmed
rCold  + . .     Gourm    .     v - +0 ring mail {rC+}
rNeg   . . .     Faith    .     (no shield)
rPois  +         Spirit   .     (helmet restricted)
rElec  .         Dismiss  .     (no cloak)
rCorr  .         Reflect  .     (no gloves)
MR     +....     Harm     .     (no boots)
Stlth  ..........               (no amulet)
                                n - ring of poison resistance {rPois, !d}
                                j - ring of protection from magic {MR+, !d}

@: berserking (expiring), very quick
A: antennae 1, rugged brown scales 1, powered by pain 2
a: no special abilities


You were on level 5 of the Dungeon.
You were not hungry.

You visited 1 branch of the dungeon, and saw 6 of its levels.
You also visited: Ossuary.

You collected 469 gold pieces.

Inventory:

Hand Weapons
 u - a cursed -1 hunting sling
   (You found it on level 4 of the Dungeon)
Missiles
 e - a throwing net {=f, !d}
Armour
 v - a +0 ring mail of cold resistance (worn)
   (You found it on level 4 of the Dungeon)
Jewellery
 d - an uncursed ring of stealth {Stlth+}
   (You found it on level 1 of the Dungeon)
 f - an uncursed ring of magical power {MP+9}
   (You found it on level 4 of the Dungeon)
 j - a ring of protection from magic (left hand) {MR+, !d}
   (You found it on level 1 of the Dungeon)
 n - a ring of poison resistance (right hand) {rPois, !d}
   (You found it on level 5 of the Dungeon)
Scrolls
 h - 2 scrolls of identify
 i - 4 scrolls of enchant weapon
 k - a scroll of fear {unknown}
 m - 3 scrolls of remove curse
 p - a scroll of enchant armour {unknown}
 s - a scroll of amnesia
Potions
 a - a potion of berserk rage {!q}
 c - 3 potions of curing
 l - a potion of cure mutation {!q}
 q - a potion of degeneration {!q}
Comestibles
 b - a bread ration {@e1}
 g - 2 meat rations {@e2}
 r - 2 fruits


   Skills:
 - Level 3.0 Fighting
 - Level 2.6 Dodging
 - Level 4.4 Stealth
 + Level 8.3 Unarmed Combat


You had 7 spell levels left.
You didn't know any spells.

Dungeon Overview and Level Annotations

Branches:
Dungeon (6/15)
 Temple: D:4-7

Altars:
Ashenzari
Gozag
Uskayaw
Xom

Annotations:
D:5 exclusion: Prince Ribbit, Prince Ribbit


Innate Abilities, Weirdness & Mutations

You have a pair of small antennae on your head.
You are partially covered in rugged brown scales. (AC +1, +3% HP)
You sometimes gain power by taking damage.


Message History

You are too hungry to fight recklessly!
You hit the leopard gecko but do no damage.
The leopard gecko bites you but does no damage.
You hit the leopard gecko. The leopard gecko bites you.
You take 2 damage, and have 54/59 hp.
You hit the leopard gecko.
The leopard gecko bites you but does no damage.
You closely miss the leopard gecko. The leopard gecko barely misses you.
You barely miss the leopard gecko. The leopard gecko barely misses you.
You barely miss the leopard gecko. The leopard gecko closely misses you.
You closely miss the leopard gecko. The leopard gecko closely misses you.
You hit the leopard gecko.
The leopard gecko bites you but does no damage.
You barely miss the leopard gecko. You punch the leopard gecko.
You kill the leopard gecko!
You now have 469 gold pieces (gained 11).
You start eating one of the 2 bread rations {@e1}.
You continue eating. x2
You finish eating.
That bread ration really hit the spot!
There is a stone staircase leading down here.
A crimson imp comes into view.
Health restored: 59 A crimson imp is nearby!
A crimson imp is nearby!
A crimson imp is nearby!
Prince Ribbit comes into view.
The crimson imp shouts!
The crimson imp shouts, "Quit, thou beslubbering hedge-born simpleton!"
The crimson imp summons a swarm of flies.
Unknown command.
You hit the crimson imp but do no damage.
Prince Ribbit blinks!
The crimson imp barely misses you.
You hit the crimson imp. You hit the crimson imp.
The crimson imp hits you but does no damage.
You closely miss the crimson imp.
Prince Ribbit blinks!
The crimson imp blinks!
The crimson imp blinks!
Prince Ribbit hits you.
You take 4 damage, and have 55/59 hp.
You closely miss Prince Ribbit. Prince Ribbit hits you!
You take 9 damage, and have 46/59 hp.
You hit Prince Ribbit. Prince Ribbit closely misses you.
You hit Prince Ribbit. Prince Ribbit misses you.
Prince Ribbit closely misses you.
You punch Prince Ribbit! Prince Ribbit hits you!
You take 10 damage, and have 36/59 hp.
You closely miss Prince Ribbit. The crimson imp closely misses you.
Prince Ribbit catches a millipede with his tongue.
Prince Ribbit hits you but does no damage.
You miss Prince Ribbit. Prince Ribbit barely misses you.
The crimson imp hits you but does no damage.
You miss Prince Ribbit.
Prince Ribbit hits you but does no damage.
The crimson imp barely misses you.
Unknown command.
You miss Prince Ribbit. Prince Ribbit hits you! The crimson imp hits you.
Prince Ribbit completely misses you.
You take 18 damage, and have 18/59 hp.
MASSIVE DAMAGE!!
You completely miss Prince Ribbit. Your punch misses Prince Ribbit.
Prince Ribbit hits you but does no damage.
The crimson imp barely misses you.
Unknown command.
You hit Prince Ribbit but do no damage. Prince Ribbit hits you!
* * * LOW HITPOINT WARNING * * *
You take 8 damage, and have 10/59 hp.
Unknown command.
You feel better. The crimson imp barely misses you.
Prince Ribbit closely misses you.
You regained 11 hp, and now have 21/59 hp.
Unknown command.
Really quaff
a - 2 potions of berserk rage {!q}?
A red film seems to cover your vision as you go berserk!
You feel yourself moving faster!
You feel mighty! Prince Ribbit closely misses you.
The crimson imp hits you but does no damage.
Prince Ribbit closely misses you.
You now have 31/88 hp.
Unknown command.
Your ring mail prevents you from hitting Prince Ribbit.
The crimson imp blinks!
You closely miss Prince Ribbit. Prince Ribbit hits you!
* * * LOW HITPOINT WARNING * * *
You take 7 damage, and have 24/88 hp.
You hit Prince Ribbit. Prince Ribbit hits you.
* * * LOW HITPOINT WARNING * * *
You take 2 damage, and have 22/88 hp.
You hit Prince Ribbit.
Prince Ribbit blinks!
The crimson imp closely misses you.
You miss the crimson imp.
The crimson imp blinks!
You miss Prince Ribbit. Prince Ribbit hits you.
* * * LOW HITPOINT WARNING * * *
You take 2 damage, and have 21/88 hp.
You completely miss Prince Ribbit. Prince Ribbit hits you!
* * * LOW HITPOINT WARNING * * *
You take 14 damage, and have 7/88 hp.
You barely miss Prince Ribbit. Prince Ribbit closely misses you.
You closely miss Prince Ribbit.
The crimson imp hits you but does no damage.
Prince Ribbit hits you!
You die...

#.#..[.............#
'.#.#.#######.....##
#...#.# #.>...#
#####.# ##.#### #.#
#.##### #.# #.....#
#<# #.....# ###
#..5..# #.F@..# #
#.....##....
#...........
#.##.######. #. #!#
#. #.# # #.# #.# #.#


You could see Prince Ribbit and a crimson imp.

Vanquished Creatures
  The ghost of runewalsh the Chiller, a novice OpIE (D:5)
  The ghost of Psaro the Slasher, an amateur HuGl (D:3)
  3 ogres
  5 orc priests
  2 worker ants
  2 big kobold zombies (Ossuary)
  A hound skeleton (D:4)
  2 mummies (Ossuary)
  2 gnolls
  5 adders
  2 oozes
  3 worms
  2 leopard geckos
  19 orcs
  6 bats
  4 giant cockroaches
  2 gnoll zombies (Ossuary)
  8 goblins
  4 hobgoblins
  10 jackals
  2 kobolds (D:3)
  A quokka (D:3)
  4 frilled lizards
  5 goblin zombies
  4 hobgoblin zombies (Ossuary)
  2 orc zombies (Ossuary)
  7 rats
109 creatures vanquished.

Notes
Turn   | Place    | Note
-------+----------+-------------------------------------------
     0 | D:1      | MackTheKnife the Demonspawn Monk began the quest for the Orb.
     0 | D:1      | Reached XP level 1. HP: 18/18 MP: 1/1
   110 | D:1      | Reached skill level 2 in Stealth
   140 | D:1      | Reached skill level 3 in Unarmed Combat
   148 | D:1      | You fall through a shaft!
   151 | D:2      | Gained mutation: You sometimes gain a little power by taking damage. [demonic ancestry]
   151 | D:2      | Reached XP level 2. HP: 18/24 MP: 2/2
   170 | D:2      | HP: 2/24 [worm (8)]
   911 | D:2      | Gained mutation: You sometimes gain power by taking damage. [demonic ancestry]
   911 | D:2      | Reached XP level 3. HP: 14/29 MP: 3/3
  1134 | D:2      | Found an opulent altar of Gozag.
  1232 | D:1      | HP: 3/29 [orc/club of chaos (18)]
  1416 | D:2      | Reached skill level 3 in Stealth
  1432 | D:2      | Found a shattered altar of Ashenzari.
  1531 | D:2      | Found a shimmering altar of Xom.
  2205 | D:2      | Gained mutation: You have a pair of small antennae on your head. [demonic ancestry]
  2205 | D:2      | Reached XP level 4. HP: 17/35 MP: 0/4
  2217 | D:2      | HP: 8/35 [poisoned by a gnoll]
  2222 | D:2      | HP: 7/35 [poisoned by a gnoll]
  2229 | D:2      | HP: 5/35 [poisoned by a gnoll]
  2237 | D:2      | HP: 4/35 [poisoned by a gnoll]
  3075 | D:3      | Noticed Psaro's ghost (amateur HuGl)
  3080 | D:3      | HP: 8/35 [Psaro's ghost (12)]
  3088 | D:3      | HP: 1/35 [Psaro's ghost (9)]
  3089 | D:3      | Killed Psaro's ghost
  3089 | D:3      | Reached skill level 4 in Stealth
  3089 | D:3      | Reached skill level 4 in Unarmed Combat
  3089 | D:3      | Gained mutation: You are partially covered in rugged brown scales. (AC +1, +3% HP) [demonic ancestry]
  3089 | D:3      | Reached XP level 5. HP: 1/42 MP: 5/5
  4248 | D:4      | Reached XP level 6. HP: 37/48 MP: 6/6
  4347 | D:4      | Reached skill level 5 in Unarmed Combat
  4347 | D:4      | HP: 12/48 [poisoned by an adder]
  4837 | D:4      | Found a hide-covered altar of Uskayaw.
  4932 | D:4      | Reached skill level 6 in Unarmed Combat
  4935 | D:4      | HP: 10/48 [orc/flail (8)]
  4946 | D:4      | HP: 11/48 [orc/dagger (1)]
  4955 | D:4      | HP: 9/48 [orc/dagger (3)]
  5255 | D:4      | You fall through a shaft for 2 floors!
  5265 | D:6      | Found a sand-covered staircase.
  5283 | Ossuary  | Entered an ossuary
  5315 | Ossuary  | Reached XP level 7. HP: 24/53 MP: 7/7
  5842 | D:5      | Entered Level 5 of the Dungeon
  6199 | D:5      | Reached skill level 7 in Unarmed Combat
  7114 | D:5      | Noticed runewalsh's ghost (novice OpIE)
  7149 | D:5      | Killed runewalsh's ghost
  7149 | D:5      | Reached skill level 8 in Unarmed Combat
  7149 | D:5      | Reached XP level 8. HP: 20/59 MP: 8/8
  7390 | D:5      | Noticed Prince Ribbit
  7411 | D:5      | HP: 10/59 [Prince Ribbit (9)]
  7416 | D:5      | HP: 22/88 [Prince Ribbit (2)]
  7420 | D:5      | HP: 7/88 [Prince Ribbit (14)]
  7422 | D:5      | Mangled by Prince Ribbit

Vault maps used:
D:1:      matt_arrival_refuge
D:2:      overflow_temple_1_default, tgw_xom, lemuel_doored_altar, first_bread,
          bh_walls_and_bars
D:3:      kennysheep_cross_bottleneck, minmay_bisected
D:4:      eat_drink_and_be_merry_uskayaw
D:5:      serial_shops, shop, kennysheep_generic_room_8, uniq_prince_ribbit1,
          uniq_blork_the_orc
D:6:      tgw_sif, elyvilon_altar_1, enter_ossuary_3
Ossuary:  minmay_ossuary_gauntlet

Skill      XL: |  1  2  3  4  5  6  7 |
---------------+----------------------+-----
Stealth        | 2 3 4 |  4.4
Unarmed Combat | 3 4 6 8 |  8.3
Fighting       | |  3.0
Dodging        | |  2.6

Action                   |  1- 3 |  4- 6 |  7- 9 || total
-------------------------+-------+-------+-------++-------
Melee: Unarmed           |   124 |   227 |   176 ||   527
       Punch             |     1 |     5 |     7 ||    13
  Use: Scroll            |     3 |     3 |     5 ||    11
       Potion            |     1 |     3 |     3 ||     7
 Stab: Sleeping          |     7 |     6 |     6 ||    19
  Eat: Chunk             |     4 |     4 |       ||     8
       Beef jerky        |       |     1 |       ||     1
       Bread ration      |       |     1 |     2 ||     3
       Fruit             |       |       |     1 ||     1
Armor: Robe              |    12 |       |       ||    12
       Ring mail         |    22 |    56 |    39 ||   117
Dodge: Dodged            |    60 |   128 |    64 ||   252

Vault maps used:
D:1:      matt_arrival_refuge
D:2:      overflow_temple_1_default, tgw_xom, lemuel_doored_altar, first_bread,
          bh_walls_and_bars
D:3:      kennysheep_cross_bottleneck, minmay_bisected
D:4:      eat_drink_and_be_merry_uskayaw
D:5:      serial_shops, shop, kennysheep_generic_room_8, uniq_prince_ribbit1,
          uniq_blork_the_orc
D:6:      tgw_sif, elyvilon_altar_1, enter_ossuary_3
Ossuary:  minmay_ossuary_gauntlet

Table legend:
 A = Turns spent in this place as a percentage of turns spent in the entire game.
 B = Non-inter-level travel turns spent in this place as a percentage of non-inter-level travel turns spent in the entire game.
 C = Inter-level travel turns spent in this place as a percentage of turns spent in this place.
 D = Turns resting spent in this place as a percentage of non-inter-level travel turns spent in this place.
 E = Turns spent auto-exploring this place as a percentage of non-inter-level travel turns spent in this place.
 F = Non-inter-level travel turns spent in this place divided by the number of levels of this place that you've seen.
                   A       B       C       D       E      F
               +-------+-------+-------+-------+-------+----------------------
         Total | 100.0 | 100.0 |   0.6 |   5.4 |   7.1 | 242.9
       Dungeon |  85.4 |  85.4 |   0.7 |   5.8 |   7.9 | 241.8
       Ossuary |  14.6 |  14.6 |   0.0 |   3.2 |   2.0 | 249.0
               +-------+-------+-------+-------+-------+----------------------

Table legend:
 A = Kills in this place as a percentage of kills in entire the game.
 B = Kills by you in this place as a percentage of kills by you in the entire game.
 C = Kills by friends in this place as a percentage of kills by friends in the entire game.
 D = Other kills in this place as a percentage of other kills in the entire game.
 E = Experience gained in this place as a percentage of experience gained in the entire game.
 F = Experience gained in this place divided by the number of levels of this place that you have seen.
                   A       B       C       D       E      F
               +-------+-------+-------+-------+-------+----------------------
         Total | 100.0 | 100.0 |  -nan |  -nan | 100.0 | 218.6
       Dungeon |  85.3 |  85.3 |  -nan |  -nan |  93.2 | 237.7
       Ossuary |  14.7 |  14.7 |  -nan |  -nan |   6.8 | 104.0
               +-------+-------+-------+-------+-------+----------------------
